Map: 2000 Atmospheres LE

Players

TIME (Oliveira)

  • Race: Terran Terran

ShoWTimE - Winner!

  • Race: Protoss Protoss
  • League: Grandmaster

Event: DreamHack SC2 Masters Last Chance 2022

VOD

Have the link to the VOD?

Description

Time

  • Played on: Dec. 17, 2021, 2:13 p.m.
  • Length: 20:57

All games in this series

Show
View Real Time Build Order
Export as new Build Order

TIME Terran 

Build Orders:  

Get SALT Encoding   

  12  0:00  SCV  
  13  0:12  SCV  
  14  0:17  Supply Depot  
  14  0:24  SCV  
  15  0:39  SCV  
  15  0:41  Barracks  
  16  0:44  Refinery  
  16  0:51  SCV  
  17  1:03  SCV  
  18  1:15  SCV  
  19  1:28  Marine  
  19  1:29  Orbital Command  
  20  1:45  Command Center  
  20  1:47  Barracks Reactor  
  20  1:52  Supply Depot  
  20  1:55  SCV  
  21  2:07  SCV  
  22  2:17  Bunker  
  22  2:19  SCV  
  23  2:24  Reaper x2  
  25  2:31  SCV  
  26  2:38  Command Center  
  26  2:44  SCV  
  27  2:54  Barracks  
  27  2:57  Orbital Command  
  27  2:58  Marine  
  27  3:00  Marine  
  27  3:03  SCV  
  30  3:10  Engineering Bay  
  30  3:15  SCV  
  30  3:18  Marine x2  
  33  3:23  SCV  
  34  3:28  SCV  
  34  3:33  Factory  
  35  3:35  SCV  
  35  3:36  Marine x2  
  35  3:39  Terran Infantry Weapons Level 1  
  35  3:40  SCV  
  39  3:45  Refinery  
  39  3:47  Missile Turret, Barracks Tech Lab  
  39  3:50  SCV  
  39  3:54  SCV  
  41  3:57  Orbital Command  
  41  3:59  Marine x2  
  41  4:02  SCV  
  44  4:06  Stimpack, Marine  
  45  4:10  SCV  
  45  4:14  SCV  
  47  4:18  Marine x2  
  47  4:22  SCV  
  50  4:25  Starport, SCV  
  50  4:27  SCV  
  50  4:29  Marine  
  53  4:34  SCV, Factory Reactor  
  53  4:37  SCV  
  53  4:38  Supply Depot  
  55  4:39  SCV  
  55  4:41  Barracks  
  55  4:42  Marine  
  55  4:44  Marine  
  58  4:46  SCV  
  58  4:49  Refinery  
  61  4:52  SCV  
  61  4:55  Marauder  
  61  5:00  Supply Depot, SCV x2  
  61  5:01  Supply Depot  
  61  5:04  SCV, Marine  
  61  5:05  Marine  
  66  5:17  Factory Tech Lab  
  66  5:19  Medivac  
  68  5:21  Marauder, Medivac  
  68  5:22  SCV x2  
  68  5:25  Refinery  
  68  5:26  Marine x2  
  68  5:28  SCV  
  73  5:41  SCV, Barracks  
  73  5:42  SCV  
  75  5:45  Supply Depot, Marine x2, Barracks  
  75  5:46  Marauder  
  75  5:48  Factory Reactor  
  79  5:54  Marine  
  79  5:55  Medivac  
  82  5:57  Medivac  
  82  6:00  SCV  
  82  6:02  SCV  
  85  6:04  Marine  
  85  6:05  Orbital Command  
  85  6:06  Marine  
  85  6:07  Marauder  
  85  6:12  Marauder, SCV  
  85  6:14  SCV  
  85  6:16  Armory  
  85  6:17  Engineering Bay  
  89  6:19  Supply Depot  
  89  6:21  Supply Depot  
  89  6:22  Marine, Terran Infantry Armor Level 1  
  89  6:24  SCV  
  91  6:26  SCV  
  91  6:31  Barracks Reactor  
  92  6:33  SCV  
  93  6:40  Barracks Tech Lab, SCV, Marine  
  93  6:41  Marauder x2, Widow Mine  
  93  6:43  Widow Mine, SCV, Marine  
  105  6:47  Combat Shield  
  105  6:48  Concussive Shells  
  105  6:50  SCV  
  105  6:52  SCV, Refinery  
  107  6:55  Supply Depot  
  107  6:56  Supply Depot  
  107  6:57  Viking  
  109  7:02  Refinery  
  109  7:17  Marauder, Widow Mine x2, SCV x3, Ghost Academy, Marine x2  
  109  7:18  Marauder  
  109  7:19  Supply Depot  
  109  7:20  Marauder  
  109  7:22  Missile Turret  
  124  7:25  Marine  
  125  7:36  Terran Infantry Weapons Level 2  
  125  7:40  Viking x2, Marine x2  
  132  7:50  Supply Depot  
  132  7:52  Supply Depot  
  132  7:54  Widow Mine  
  132  7:56  Supply Depot, Marine  
  133  8:05  SCV  
  133  8:07  Command Center  
  133  8:10  SCV  
  133  8:11  Ghost  
  133  8:12  Marauder, Widow Mine, SCV  
  140  8:13  Viking, Ghost  
  140  8:16  Supply Depot  
  140  8:17  Bunker  
  140  8:19  Marine  
  145  8:21  Terran Infantry Armor Level 2  
  145  8:22  Missile Turret  
  144  8:33  Marauder  
  146  8:38  SCV  
  146  8:40  Marauder, Enhanced Shockwaves  
  147  8:42  Ghost  
  147  8:46  Missile Turret, Barracks  
  149  8:48  Barracks  
  149  8:49  Barracks  
  149  8:50  Viking  
  149  8:52  Medivac  
  149  8:54  Ghost  
  155  9:00  Supply Depot  
  155  9:02  Marauder  
  157  9:05  Terran Ship Weapons Level 1, SCV  
  157  9:07  Supply Depot  
  162  9:10  Widow Mine x2  
  162  9:13  SCV  
  162  9:16  Marauder  
  165  9:19  SCV x2  
  165  9:23  Supply Depot, Viking  
  165  9:24  Missile Turret, Viking  
  171  9:25  Supply Depot  
  171  9:29  SCV  
  170  9:34  Ghost  
  170  9:35  Barracks Reactor  
  170  9:36  Barracks Tech Lab x2  
  171  9:40  SCV  
  171  9:44  Missile Turret, Planetary Fortress  
  171  9:45  Ghost  
  172  9:50  SCV  
  177  9:53  Marauder  
  177  10:03  Marauder, Ghost  
  177  10:04  Marauder, Marine  
  180  10:07  Marine  
  181  10:14  Marauder  
  181  10:19  Marine x2  
  181  10:20  Marauder  
  169  10:23  Viking x2, Ghost  
  169  10:25  Ghost, Marine x2  
  169  10:26  SCV x2  
  179  10:29  SCV  
  179  10:30  Command Center  
  179  10:32  SCV  
  181  10:36  Missile Turret, Terran Infantry Weapons Level 3  
  181  10:38  Marauder, SCV  
  181  10:42  Marauder x2  
  187  10:50  SCV  
  187  10:53  Marauder  
  187  10:57  Marauder, Marine  
  191  10:58  Marine  
  191  11:01  SCV, Terran Infantry Armor Level 3  
  191  11:03  Marauder  
  196  11:07  Supply Depot, Refinery  
  196  11:08  Refinery  
  195  11:18  Marine x2  
  187  11:19  Marauder, SCV  
  184  11:37  Marine x2  
  184  11:38  Marauder, Medivac x2  
  190  11:40  Widow Mine  
  190  11:44  Marine x2  
  190  11:45  Marauder x2, Marine  
  190  11:46  Widow Mine  
  187  11:47  Marine  
  187  11:50  SCV x2  
  186  11:55  Marine x2  
  186  11:56  Marauder  
  186  11:59  Terran Ship Weapons Level 2  
  190  12:07  Marine x3  
  190  12:08  Marauder  
  195  12:09  Widow Mine x2  
  195  12:14  Command Center  
  168  12:24  Marine x2  
  168  12:25  Marauder  
  168  12:27  Marine x2  
  168  12:28  Marauder, Ghost  
  168  12:29  Ghost  
  150  12:30  Marauder, Marine x2  
  150  12:33  Liberator x2, Widow Mine x2  
  160  12:39  Planetary Fortress  
  160  12:45  Ghost, Marine x2  
  160  12:51  Missile Turret, Sensor Tower  
  164  12:53  Marauder x2  
  164  12:54  Missile Turret, Marine x4  
  164  12:56  Widow Mine  
  164  12:57  Widow Mine  
  176  13:03  Marauder, Ghost  
  178  13:12  Fusion Core  
  178  13:13  Starport  
  178  13:14  Marauder  
  178  13:17  Marauder x2, Marine x3  
  178  13:18  Marine  
  178  13:19  Widow Mine  
  190  13:28  Planetary Fortress  
  190  13:34  Marauder, Marine  
  190  13:38  Ghost  
  190  13:41  SCV  
  192  13:52  Marine x2  
  192  13:53  Marauder  
  196  14:09  Ghost  
  176  14:10  Marine x3  
  176  14:11  Marauder x2, Marine x3  
  176  14:12  Marauder, Liberator x2  
  176  14:15  Starport Reactor  
  177  14:21  Advanced Ballistics, Terran Ship Weapons Level 3  
  177  14:22  Marine  
  178  14:24  SCV x2  
  178  14:28  Widow Mine x2, Marine x3  
  178  14:30  SCV  
  188  14:31  Ghost  
  188  14:32  Marauder, Missile Turret  
  188  14:33  Marauder, SCV  
  188  14:36  Hi-Sec Auto Tracking, Neosteel Armor  
  195  14:40  Marauder x2  
  195  14:43  Marine  
  197  14:55  Marauder  
  197  14:58  Ghost  
  193  15:02  Liberator x3  
  193  15:06  Refinery x2  
  200  15:08  Command Center  
  200  15:09  Command Center  
  180  15:23  Marine  
  180  15:24  Marauder x3, Marine x3  
  185  15:29  Marine x2  
  185  15:30  Marauder  
  185  15:31  SCV x2  
  185  15:33  Missile Turret, Marine  
  188  15:52  Marauder x2, Marine x2  
  188  15:53  Widow Mine  
  154  15:59  Marauder x2, Marine x3  
  154  16:00  Ghost  
  154  16:12  Marine x2  
  154  16:13  Ghost  
  154  16:14  Marauder  
  154  16:15  Liberator  
  163  16:21  Liberator x2  
  169  16:26  SCV  
  169  16:29  Marine  
  169  16:32  SCV  
  172  16:34  SCV  
  172  16:37  Marauder, Orbital Command  
  172  16:39  Marine x2  
  177  16:44  SCV x2  
  179  16:48  SCV  
  179  16:53  Marauder  
  180  17:08  Ghost  
  174  17:09  Marine  
  174  17:13  Marine x2  
  174  17:14  Marauder, Medivac  
  176  17:21  Liberator x2  
  169  17:27  Medivac  
  171  17:38  Ghost  
  165  17:45  Marauder, Marine x2  
  165  17:47  SCV x3  
  165  17:48  Medivac  
  171  18:03  Marine x2  
  171  18:05  Widow Mine x2  
  163  18:07  SCV  
  163  18:12  Marine x2  
  161  18:13  Marauder, SCV  
  161  18:14  SCV  
  161  18:16  Ghost x2  
  161  18:18  Medivac x2  
  154  18:25  Marine  
  155  18:28  Marine x2  
  155  18:29  Marine  
  152  18:35  Marine x2  
  152  18:36  Marauder  
  152  18:38  Ghost  
  154  18:47  SCV  
  155  18:49  Ghost  
  155  18:50  Marine  
  155  18:51  Marine  
  157  18:56  Marauder x2  
  161  19:09  Marauder  
  159  19:16  Marine x2  
  158  19:17  Marauder  
  158  19:18  Medivac  
  158  19:19  Medivac  
  162  19:29  Marauder x2  
  166  19:36  Marauder  
  168  19:41  Liberator  
  171  19:59  Widow Mine x2  
  133  20:31  Supply Depot  
  133  20:32  Supply Depot  
Show
View Real Time Build Order
Export as new Build Order

ShoWTimE Protoss - Winner!

Build Orders: 1 Gate Expand, Blink Stalkers, Zealot Archon 

Get SALT Encoding   

  12  0:00  Probe  
  13  0:12  Probe  
  14  0:18  Pylon  
  14  0:24  Probe (Chrono Boost)  
  15  0:36  Probe (Chrono Boost)  
  15  0:37  Gateway  
  16  0:45  Probe (Chrono Boost)  
  16  0:46  Assimilator  
  17  0:50  Probe  
  18  1:03  Probe  
  19  1:15  Probe  
  20  1:22  Nexus  
  20  1:31  Cybernetics Core  
  20  1:34  Probe  
  20  1:39  Assimilator  
  21  1:46  Probe  
  22  1:49  Pylon  
  22  1:58  Probe  
  23  2:05  Adept (Chrono Boost)  
  25  2:08  Warp Gate  
  25  2:10  Probe  
  26  2:18  Twilight Council  
  26  2:23  Probe (Chrono Boost)  
  26  2:25  Stalker (Chrono Boost)  
  29  2:35  Probe (Chrono Boost)  
  31  2:41  Probe (Chrono Boost)  
  31  2:43  Probe (Chrono Boost)  
  32  2:47  Probe (Chrono Boost)  
  32  2:49  Blink (Chrono Boost), Probe  
  34  2:59  Probe  
  34  3:01  Probe  
  34  3:03  Stalker  
  38  3:09  Pylon  
  38  3:11  Probe  
  39  3:13  Probe  
  40  3:21  Gateway  
  40  3:23  Probe  
  40  3:26  Probe  
  42  3:31  Robotics Facility  
  42  3:35  Probe  
  42  3:38  Probe  
  44  3:47  Probe  
  45  3:50  Probe  
  45  3:51  Nexus  
  46  3:56  Stalker  
  46  3:59  Pylon  
  46  4:00  Probe  
  49  4:03  Probe  
  49  4:08  Pylon  
  50  4:12  Probe  
  50  4:15  Stalker  
  50  4:16  Probe  
  54  4:18  Observer  
  54  4:19  Stalker  
  54  4:22  Assimilator  
  57  4:24  Assimilator, Probe  
  57  4:28  Probe  
  59  4:32  Pylon  
  59  4:36  Probe  
  60  4:39  Stalker  
  60  4:40  Probe  
  63  4:48  Probe  
  63  4:49  Stalker  
  67  4:52  Probe  
  67  4:59  Templar Archives  
  67  5:00  Probe, Forge  
  67  5:04  Probe  
  67  5:06  Pylon  
  69  5:08  Probe  
  69  5:12  Probe  
  71  5:17  Probe  
  71  5:20  Probe  
  71  5:21  Psionic Storm  
  71  5:25  Probe  
  71  5:27  Gateway  
  72  5:29  Probe  
  72  5:30  Gateway  
  72  5:32  Probe  
  72  5:33  Gateway  
  72  5:34  Protoss Ground Weapons Level 1 (Chrono Boost)  
  73  5:37  Probe  
  73  5:38  Gateway  
  73  5:41  Gateway, Probe  
  75  5:44  Probe, High Templar  
  75  5:48  Assimilator x2  
  75  5:49  Probe  
  79  5:52  Pylon  
  79  5:53  Probe  
  80  6:02  Probe  
  81  6:07  Charge (Chrono Boost)  
  81  6:14  Zealot, Pylon  
  83  6:19  Immortal (Chrono Boost), Shield Battery  
  83  6:22  Shield Battery x2  
  83  6:24  High Templar  
  89  6:26  Pylon  
  89  6:28  High Templar  
  89  6:31  Photon Cannon, Zealot x2  
  89  6:32  Zealot  
  97  6:39  Probe  
  98  6:45  High Templar  
  98  6:46  Pylon  
  100  6:51  Warp Prism  
  100  6:52  Zealot, Gateway, Sentry  
  106  6:54  Pylon  
  106  6:59  Zealot x3  
  112  7:10  High Templar  
  112  7:13  Pylon  
  112  7:14  High Templar  
  116  7:16  Nexus  
  116  7:19  Archon  
  116  7:20  Zealot x2  
  116  7:21  Zealot, Robotics Bay  
  122  7:26  Robotics Facility  
  122  7:34  Stalker x2  
  122  7:36  Protoss Ground Weapons Level 2 (Chrono Boost)  
  126  7:39  Shield Battery  
  126  7:42  Forge  
  126  7:52  Probe x3  
  126  7:53  High Templar  
  126  7:55  Pylon  
  126  7:57  Pylon  
  131  8:04  Colossus (Chrono Boost), Zealot x3  
  131  8:05  Zealot  
  139  8:07  Pylon  
  139  8:08  Extended Thermal Lance (Chrono Boost)  
  149  8:21  Zealot  
  149  8:24  Colossus (Chrono Boost)  
  149  8:26  Stalker x2  
  149  8:27  Stalker  
  153  8:43  Colossus (Chrono Boost)  
  153  8:45  Photon Cannon  
  153  8:48  Pylon  
  155  8:58  Protoss Ground Armor Level 1 (Chrono Boost), Zealot x5  
  155  9:00  Pylon  
  165  9:08  Zealot x2, Sentry  
  165  9:09  Probe x2  
  174  9:10  Probe  
  174  9:11  Probe  
  181  9:22  Gateway  
  179  9:24  Gateway  
  179  9:25  Colossus (Chrono Boost)  
  179  9:31  Stalker x2  
  179  9:32  Stalker x3  
  179  9:35  Observer (Chrono Boost)  
  179  9:38  Stalker x3  
  194  9:51  Pylon  
  188  9:53  Observer  
  187  10:08  Disruptor  
  187  10:14  Disruptor  
  167  10:24  Zealot  
  167  10:25  Zealot x7  
  183  10:28  Nexus  
  183  10:30  Probe x4, Pylon  
  183  10:34  Photon Cannon  
  187  10:36  Photon Cannon  
  187  10:37  Photon Cannon  
  187  10:40  Assimilator  
  187  10:42  Probe  
  188  10:44  Disruptor (Chrono Boost)  
  188  10:45  Assimilator  
  188  10:46  Protoss Ground Weapons Level 3 (Chrono Boost)  
  188  10:49  Disruptor (Chrono Boost)  
  191  10:50  Dark Shrine  
  178  10:58  Probe x3  
  178  10:59  Probe  
  178  11:15  Disruptor (Chrono Boost)  
  178  11:17  Disruptor (Chrono Boost)  
  150  11:37  Stalker x8  
  150  11:38  Zealot x2  
  143  11:45  Disruptor (Chrono Boost)  
  134  11:50  Probe x3  
  134  11:51  Probe x2  
  140  11:54  Disruptor (Chrono Boost)  
  140  11:56  Protoss Ground Armor Level 2 (Chrono Boost)  
  140  12:00  Shadow Stride (Chrono Boost)  
  140  12:06  Zealot x2, Probe  
  140  12:07  Zealot x8  
  155  12:15  Observer  
  145  12:18  Disruptor (Chrono Boost)  
  128  12:30  Stalker x6, Disruptor (Chrono Boost)  
  145  12:39  Zealot  
  145  12:44  Disruptor (Chrono Boost)  
  142  12:48  Photon Cannon  
  142  12:49  Photon Cannon  
  145  12:51  Photon Cannon  
  145  12:53  Shield Battery  
  145  12:55  High Templar  
  145  12:57  Assimilator  
  147  12:59  Disruptor (Chrono Boost)  
  147  13:00  Assimilator  
  147  13:02  Dark Templar x2  
  147  13:03  Zealot x6  
  163  13:12  Disruptor  
  166  13:23  Nexus  
  166  13:26  Pylon  
  164  13:27  Dark Templar x5  
  164  13:28  Disruptor  
  177  13:42  Dark Templar x4  
  177  13:46  Protoss Shields Level 1 (Chrono Boost)  
  177  13:48  Photon Cannon  
  185  13:56  Photon Cannon  
  185  13:57  Photon Cannon  
  185  13:59  Stalker, Shield Battery  
  183  14:03  Stalker x3  
  177  14:12  Stalker x2  
  177  14:19  Probe x2  
  177  14:20  Probe x2  
  181  14:25  Stargate  
  181  14:31  Stalker x5  
  181  14:32  Stalker  
  193  14:45  Pylon  
  193  14:47  Protoss Air Weapons Level 1 (Chrono Boost), Assimilator  
  193  14:49  Assimilator  
  187  15:04  Dark Templar x6  
  199  15:13  Fleet Beacon  
  197  15:16  Stargate  
  197  15:20  Stargate  
  188  15:24  Disruptor x2  
  175  15:30  Zealot  
  175  15:31  Zealot x3  
  178  15:41  Zealot x5  
  174  15:52  Zealot x4  
  166  15:59  Stalker, Disruptor (Chrono Boost)  
  166  16:00  Disruptor (Chrono Boost)  
  166  16:02  Stalker  
  166  16:03  Stalker  
  146  16:14  Stalker x5  
  152  16:29  Photon Cannon  
  152  16:30  Disruptor x2 (Chrono Boost), High Templar x4  
  152  16:31  Pylon  
  166  16:38  Protoss Shields Level 2 (Chrono Boost)  
  166  16:39  Protoss Ground Armor Level 3 (Chrono Boost), High Templar  
  168  16:44  Pylon  
  168  16:46  Stalker x2  
  172  16:51  Gravitic Boosters (Chrono Boost)  
  172  17:01  Zealot x3, Observer  
  177  17:13  Zealot x5  
  168  17:35  Zealot x8  
  180  17:44  Nexus  
  160  17:48  Stalker x2  
  160  17:52  Pylon  
  160  17:56  Stalker  
  160  17:57  Stalker x5  
  168  18:08  Dark Templar x2  
  166  18:19  Nexus  
  166  18:20  Dark Templar x4  
  163  18:34  Stalker x2  
  167  18:45  Zealot x4  
  171  18:52  Phoenix  
  171  18:55  Stalker x4  
  177  18:58  Probe  
  173  19:15  Pylon  
  173  19:21  Stalker x8  
  173  19:22  Stalker  
  191  19:26  High Templar  
  193  19:39  Assimilator  
  193  19:44  Nexus  
  193  19:55  Stalker x3  
  197  20:08  Stalker  
  199  20:15  Assimilator  
  199  20:20  Assimilator  
  185  20:32  Zealot  
  185  20:33  Zealot x5  
  200  20:42  Pylon  

Tags
 
Add a new tag
Caveats
  • Supply blocks, unpowered buildings, or Contaminate may cause inaccurate times.
  • Supply counts are checked every 10 seconds.